 Dungeon Crawl Stone Soup version 0.31-a0-441-g867994ef1c (webtiles) character file.

Game seed: 8863123109523395862

270 randomguy2701 the Chopper (level 6, -3/84 HPs)
             Began as a Minotaur Berserker on Aug 2, 2023.
             Was a Believer of Trog.
             Slain by Terence
             ... wielding a +0 trident
              (7 damage)
             ... on level 3 of the Dungeon.
             The game lasted 00:02:45 (1565 turns).

randomguy2701 the Chopper (Minotaur Berserker)      Turns: 1565, Time: 00:02:46

Health: -3/84      AC:  2    Str: 22    XL:     6   Next: 1%
Magic:  5/5        EV: 12    Int:  4    God:    Trog [**....]
Gold:   93         SH:  0    Dex: 11    Spells: 5/5 levels left

rFire   . . .        a - +0 hand axe
rCold   . . .        (no shield)
rNeg    . . .        b - +0 animal skin
rPois   .            (helmet restricted)
rElec   .            (no cloak)
rCorr   .            (no gloves)
SInv    .            (no boots)
Will    .....        (no amulet) Stlth
                     (no ring)
HPRegen 0.34/turn    (no ring)
MPRegen 0.09/turn

%: no passive effects
@: berserking, very quick
A: horns 2, retaliatory headbutt
a: Renounce Religion, Berserk, Trog's Hand


You were on level 3 of the Dungeon.
You worshipped Trog.
Trog was pleased with you.
You visited 1 branch of the dungeon, and saw 3 of its levels.

You collected 93 gold pieces.

Inventory:

Hand Weapons
 a - a +0 hand axe (weapon)
Armour
 b - a +0 animal skin (worn)
Scrolls
 d - 2 scrolls of identify {unknown}
 h - a scroll of amnesia {unknown}
 l - a scroll of noise {unknown}
Potions
 c - a potion of heal wounds {unknown}
 e - a potion of lignification {unknown}
 f - 2 potions of mutation {unknown}
 g - a potion of haste {unknown}
 i - a potion of enlightenment {unknown}
 j - a potion of curing {unknown}
 k - a potion of berserk rage {unknown}
 m - a potion of might {unknown}


   Skills:
 + Level 5.3 Fighting
 + Level 6.3 Axes
 + Level 2.7 Armour
 + Level 3.1 Dodging
 + Level 0.4 Stealth


You had 5 spell levels left.
You didn't know any spells.
Your spell library was empty.

Dungeon Overview and Level Annotations

Branches:
Dungeon (3/15)

Altars:
Elyvilon
The Shining One

Shops:
D:3 [

Annotations:
D:3 Terence


Innate Abilities, Weirdness & Mutations

You have a pair of horns on your head.
You reflexively headbutt those who attack you in melee.


Message History

The black bear attacks as you move away!
The black bear bites you!
* * * LOW HITPOINT WARNING * * *
The black bear misses you. The black bear closely misses you.
Terence asks, "Do you want it fast or slow?"
A red film seems to cover your vision as you go berserk!
You feel yourself moving faster!
You feel mighty! The orc barely misses you. You furiously retaliate!
You headbutt the orc!
You kill the orc!
Trog accepts your kill.
Terence shouts, "Get ready for death!"
Terence hits you from afar with a +0 trident.
* * * LOW HITPOINT WARNING * * *
The black bear closely misses you. The black bear barely misses you.
The black bear claws you.
* * * LOW HITPOINT WARNING * * *
Okay, then.
You hit the black bear.
The black bear is moderately wounded.
You slash the black bear!
The black bear is severely wounded.
Terence closely misses you. The black bear bites you.
* * * LOW HITPOINT WARNING * * *
The black bear claws you.
* * * LOW HITPOINT WARNING * * *
The black bear claws you.
* * * LOW HITPOINT WARNING * * *
You slash the black bear!
You kill the black bear!
Trog accepts your kill. Terence closely misses you.
Your Axes skill increases to level 6!
Your Dodging skill increases to level 3!
You have reached level 6!
Things that are here:
a +0 whip; a +0 leather armour; an orc corpse You hit Terence.
Your headbutt misses Terence.
Terence is lightly wounded.
Terence hits you with a +0 trident!
You die...

######.## #.......#
###.. #.......# .....
#.......# .....
#.......# ...##
#.......# ...#
#.@.....# # ##.##
#.@.....# #####...###
###.......#
......#...#
#)...........
#####...#.#
#..........:.
##.##.###............
#.##................
#.#####............$
#.# #............. #
##.## #......##.###


You could see Terence.

Vanquished Creatures
  A black bear (D:3)
  2 orc priests (D:3)
  Natasha (twice) (D:2)
  Robin (D:2)
  9 orcs
  6 bats
  An endoplasm (D:2)
  A giant cockroach (D:1)
  10 goblins
  5 hobgoblins
  2 kobolds (D:3)
  4 quokkas
  2 ball pythons
  2 frilled lizards
  A rat (D:1)
49 creatures vanquished.

Notes
Turn   | Place    | Note
-------+----------+-------------------------------------------
     0 | D:1      | randomguy2701 the Minotaur Berserker began the quest for
                  | the Orb.
     0 | D:1      | Reached XP level 1. HP: 19/19 MP: 0/0
   186 | D:1      | Reached XP level 2. HP: 27/27 MP: 1/1
   266 | D:1      | Reached skill level 4 in Axes
   673 | D:2      | Noticed Natasha
   682 | D:2      | Killed Natasha
   683 | D:2      | Reached XP level 3. HP: 8/34 MP: 2/2
   830 | D:2      | Found a faded altar of an unknown god.
   869 | D:2      | Noticed Natasha
   872 | D:2      | Reached ** piety under Trog
   878 | D:2      | Killed Natasha
   879 | D:2      | Reached XP level 4. HP: 37/41 MP: 3/3
   974 | D:2      | Noticed Robin
   980 | D:2      | Killed Robin
   981 | D:2      | Reached skill level 5 in Axes
  1017 | D:2      | Found a white marble altar of Elyvilon.
  1173 | D:3      | Found Jofexzuo's Antique Armour Emporium.
  1255 | D:3      | Reached skill level 5 in Fighting
  1255 | D:3      | Reached XP level 5. HP: 21/48 MP: 4/4
  1395 | D:3      | Found a glowing golden altar of the Shining One.
  1545 | D:3      | Noticed a black bear
  1554 | D:3      | Noticed Terence
  1562 | D:3      | HP: 2/72 [black bear (3)]
  1563 | D:3      | Killed a black bear
  1564 | D:3      | Reached skill level 6 in Axes
  1564 | D:3      | Reached XP level 6. HP: 3/56 MP: 5/5
  1565 | D:3      | Slain by Terence

Illustrated notes

Levels and vault maps discovered:
D:1:      minmay_arrival_semitransparent, layout_basic
D:2:      layout_basic, basic_altar, ebering_ecumenical_altar_sacrificial,
          uniq_natasha, uniq_robin
D:3:      layout_basic, mainiacjoe_overflow_boulevard,
          nicolae_overflow_two_pavilions, serial_shops, nicolae_diamond_shop,
          minmay_misc_feat_tower, uniq_terence

Skill      XL: |  1  2  3  4  5 |
---------------+----------------+-----
Fighting       | 4 5 |  5.3
Axes           | 4 5 6 |  6.3
Dodging        | 3 |  3.1
Armour         | |  2.7
Stealth        | |  0.4

Action                     |  1- 3 |  4- 6 || total
---------------------------+-------+-------++-------
  Melee: Hand axe          |    52 |    56 ||   108
         Headbutt          |     4 |     6 ||    10
 Invoke: Berserk           |     2 |     2 ||     4
   Stab: Sleeping          |       |     1 ||     1
 Armour: Animal skin       |     5 |    11 ||    16
  Dodge: Dodged            |    37 |    46 ||    83

Table legend: (Time is in decaauts)
 A = Elapsed time spent in this place.
 B = Non-inter-level travel time spent in this place.
 C = Inter-level travel time spent in this place.
 D = Time resting spent in this place.
 E = Time spent auto-exploring this place.
 F = Levels seen in this place.
 G = Mean time per level.
                   A        B        C        D        E       F      G
               +--------+--------+--------+--------+--------+-----+--------+
         Total |   1616 |   1587 |     29 |    142 |   1168 |   3 |  538.7 |
       Dungeon |   1616 |   1587 |     29 |    142 |   1168 |   3 |  538.7 |
               +--------+--------+--------+--------+--------+-----+--------+

Top non-repeatable levels by time:
     D:1: 645 daAuts
     D:2: 567 daAuts
     D:3: 403 daAuts
